 Dungeon Crawl Stone Soup version 0.28-a0-991-g956f0ee3d5 (webtiles) character file.

Game seed: 7256828912941423945

711 wakim the Insei (level 7, -7/44 HPs)
             Began as an Octopode Transmuter on Dec 4, 2021.
             Mangled by a gnoll (11 damage)
             ... on level 5 of the Dungeon.
             The game lasted 00:25:47 (8718 turns).

wakim the Insei (Octopode Transmuter)               Turns: 8718, Time: 00:25:47

Health: -7/44      AC:  2    Str:  9    XL:     7   Next: 68%
Magic:  11/11      EV: 13    Int: 17    God:
Gold:   57         SH:  0    Dex: 13    Spells: 4/12 levels left

rFire   . . .      SeeInvis .     - Unarmed
rCold   . . .      Faith    .   (no shield)
rNeg    . . .      Spirit   .   g - +1 hat
rPois   .          Reflect  .   a - amulet of magic regeneration
rElec   .          Harm     .   (no ring)
rCorr   .          Rampage  .   (no ring)
Will    .....                   (no ring)
Stlth   +++.......              (no ring)
HPRegen 0.14/turn               (no ring)
MPRegen 0.52/turn               (no ring)
                                (no ring)
                                (no ring)

@: no status effects
A: almost no armour, amphibious, 8 rings, camouflage 1, gelatinous body 1,
(nimble swimmer 1), tentacles
a: no special abilities


You were on level 5 of the Dungeon.
You visited 1 branch of the dungeon, and saw 5 of its levels.

You collected 165 gold pieces.
You spent 108 gold pieces at shops.

Inventory:

Hand Weapons
 b - a +0 hunting sling
Missiles
 e - 44 sling bullets
 h - 8 poisoned darts (quivered)
Armour
 g - a +1 hat (worn)
Jewellery
 a - an amulet of magic regeneration (around mantle)
 f - a ring of fire
Wands
 t - a wand of digging (5)
 w - a wand of acid (14)
Scrolls
 c - a scroll of brand weapon {unknown}
 d - a scroll of blinking {unknown}
 i - a scroll of summoning {unknown}
 j - a scroll of enchant weapon {unknown}
 k - a scroll of magic mapping {unknown}
 T - 2 scrolls of teleportation
 U - a scroll of fear
Potions
 D - a potion of brilliance
 F - 3 potions of curing
 H - a potion of haste
 L - 2 potions of lignification {!q}


   Skills:
 - Level 1.6 Fighting
 - Level 2.0 Dodging
 - Level 4.0 Stealth
 + Level 5.2 Unarmed Combat
 - Level 3.0 Spellcasting
 * Level 5.1 Transmutations
 + Level 2.5 Ice Magic


You had 4 spell levels left.
You knew the following spells:

 Your Spells              Type           Power      Damage    Failure   Level
a - Beastly Appendage     Tmut           40%        N/A       2%          1
c - Ice Form              Ice/Tmut       15%        N/A       36%         4
x - Spider Form           Tmut/Pois      11%        N/A       19%         3

Your spell library contained the following spells:

 Spells                   Type           Power      Damage    Failure   Level
 Wereblood                Tmut           20%        N/A       3%          2
 Portal Projectile        Hex/Tloc       4%         N/A       45%         3
 Blade Hands              Tmut           10%        N/A       52%         5
 Excruciating Wounds      Necr           1%         N/A       99%         5


Dungeon Overview and Level Annotations

Branches:
Dungeon (5/15)
 Temple: D:4-7

Altars:
Gozag
Hepliaklqana
Kikubaaqudgha
Vehumet
The Shining One

Shops:
D:3 *:?*

Annotations:
D:2 exclusion: adder
D:3 exclusion: black bear
D:4 exclusion: phantom, Dowan, Duvessa
D:5 3 runed translucent doors, qborf's ghost, amateur MiGl; sanka's ghost, novice PaAK


Innate Abilities, Weirdness & Mutations

You cannot wear most types of armour.
You are amphibious.
You can wear up to eight rings at the same time.
Your skin changes colour to match your surroundings (Stealth+).
Your rubbery body absorbs attacks. (AC +1, EV +1)
((You are camouflaged near water. (Stealth+)))
You have tentacles for arms and can constrict up to eight enemies at once.


Message History

Found a scroll labelled DOCAUWOSTUI.
Found a runed translucent gate.
Found a potion of brilliance.
Found a scroll of identify.
k - a scroll labelled DOCAUWOSTUI Sanka's ghost turns its malevolent gaze towards you.
Sanka's ghost sneers, "Where's your god now?"
A gnoll is nearby!
A gnoll comes into view. It is wielding a +0 whip.
Casting: Spider Form (dangerous; 19% risk of failure)
Confirm with . or Enter, or press ? or * to list all spells.
You turn into a venomous arachnid creature.
Your +1 hat melds into your body.
The gnoll shouts!
The gnoll misses you.
The gnoll drinks a potion.
The gnoll goes berserk!
The gnoll closely misses you. The gnoll closely misses you.
Your transformation is almost over.
The gnoll hits you from afar with a +0 spear!
The gnoll closely misses you.
The gnoll rages.
The gnoll barely misses you.
The gnoll hits you from afar with a +0 spear!
* * * LOW HITPOINT WARNING * * *
There is an open door here.
Your transformation has ended.
Your +1 hat unmelds from your body.
The gnoll rages.
The gnoll hits you from afar with a +0 spear.
* * * LOW HITPOINT WARNING * * *
The gnoll closely misses you. The gnoll misses you. The gnoll misses you.
The gnoll hits you from afar with a +0 spear.
* * * LOW HITPOINT WARNING * * *
The gnoll hits you from afar with a +0 spear!
* * * LOW HITPOINT WARNING * * *
There is a stone staircase leading up, spattered with blood here.
The gnoll hits you from afar with a +0 spear!
You die...

.##...#...#...................#
♣##...#...#...............#+###
.##...#...#...............#
###...#...#...............+
###...#.###...............#
#...###.########..g..#+####
..).#..........#g....#
....#...)......#.....#
....'..........#@....#
....#..........#.....#
....#.....<....#.....#
....#...###'####.....######
....#...##......#####.....##+##
....#....#......# #.........#
....#....#......# #.........#
....#....'......# #.........#
....######......# #.........#


You could see 2 gnolls.

Vanquished Creatures
  Eustachio (D:4)
  A sky beast (D:5)
  A scorpion (D:5)
  An orc priest (D:3)
  A bullfrog zombie (D:5)
  2 hounds (D:5)
  A gnoll shaman (D:4)
  2 iguanas
  2 hound skeletons (D:4)
  10 gnolls
  An ufetubus (D:5)
  3 dart slugs
  6 orcs
  11 ball pythons
  6 bats
  11 endoplasms
  6 giant cockroaches
  8 goblins
  2 hobgoblins
  9 quokkas
  3 frilled lizards
  10 kobolds
  3 rats
101 creatures vanquished.

Vanquished Creatures (others)
  35 plants (D:3)
35 creatures vanquished.

Grand Total: 136 creatures vanquished

Notes
Turn   | Place    | Note
-------+----------+-------------------------------------------
     0 | D:1      | wakim the Octopode Transmuter began the quest for the Orb.
     0 | D:1      | Reached XP level 1. HP: 13/13 MP: 3/3
   432 | D:1      | Reached skill level 1 in Stealth
   774 | D:1      | Reached XP level 2. HP: 13/18 MP: 3/5
  2130 | D:2      | Reached XP level 3. HP: 23/23 MP: 6/6
  3287 | D:3      | Found Ufugh's Assorted Antiques.
  3351 | D:2      | Learned a level 3 spell: Spider Form
  3428 | D:3      | Found Yqaosev's Magic Scroll Boutique.
  3433 | D:3      | Bought a scroll of identify for 20 gold pieces
  3433 | D:3      | Bought a scroll of identify for 20 gold pieces
  3877 | D:3      | Found an opulent altar of Gozag.
  3889 | D:3      | Reached XP level 4. HP: 29/29 MP: 5/7
  4668 | D:3      | Reached XP level 5. HP: 2/34 MP: 2/8
  5052 | D:3      | Found a hazy altar of Hepliaklqana.
  5099 | D:3      | Found Kabryrrohosm's General Store.
  5314 | D:3      | Found Giutt's Book Shoppe.
  5533 | D:3      | Noticed a black bear
  6100 | D:3      | Bought a scroll of teleportation for 30 gold pieces
  6375 | D:4      | Learned a level 4 spell: Ice Form
  6469 | D:4      | Noticed a phantom
  6632 | D:4      | Reached XP level 6. HP: 37/39 MP: 6/9
  6764 | D:4      | Noticed Duvessa
  6951 | D:4      | Noticed Eustachio
  6976 | D:4      | Killed Eustachio
  6977 | D:4      | Reached skill level 1 in Ice Magic
  7169 | D:4      | Noticed Dowan
  7354 | D:4      | Found an ancient bone altar of Kikubaaqudgha.
  7594 | D:3      | Bought a scroll of fear for 38 gold pieces
  7691 | D:5      | Entered Level 5 of the Dungeon
  7826 | D:5      | Noticed a sky beast
  7949 | D:5      | Reached XP level 7. HP: 44/44 MP: 9/11
  8329 | D:5      | Found a radiant altar of Vehumet.
  8375 | D:5      | Found a glowing golden altar of the Shining One.
  8474 | D:5      | Reached skill level 5 in Unarmed Combat
  8565 | D:5      | Reached skill level 5 in Transmutations
  8673 | D:5      | Found a runed translucent gate.
  8674 | D:5      | Found a runed translucent gate.
  8675 | D:5      | Found a runed translucent gate.
  8678 | D:5      | Noticed qborf's ghost (amateur MiGl)
  8678 | D:5      | Noticed sanka's ghost (novice PaAK)
  8718 | D:5      | Mangled by a gnoll

Illustrated notes

Levels and vault maps discovered:
D:1:      zaba_arrival_water, layout_basic, minmay_hexomino_u4
D:2:      layout_basic
D:3:      wad_woods_stonehenge, layout_basic,
          mainiacjoe_overflow_small_starburst, serial_shops, shop_scrolls, shop,
          shop, nicolae_shop_advertising_works [nicolae_subvault_shop_adworks]
D:4:      layout_basic, marbit_many_paths, uniq_eustachio, uniq_duvessa
D:5:      layout_gridville, tso_altar, mainiacjoe_overflow_brackets,
          gammafunk_ghost_cemetery, hangedman_decor_points

Skill      XL: |  1  2  3  4  5  6  7 |
---------------+----------------------+-----
Stealth        | 1 2 3 4 |  4.0
Unarmed Combat | 4 5 |  5.2
Transmutations | 3 4 5 |  5.1
Ice Magic      | 1 2 |  2.5
Spellcasting   | 3 |  3.0
Fighting       | |  1.6
Dodging        | |  2.0

Action                   |  1- 3 |  4- 6 |  7- 9 || total
-------------------------+-------+-------+-------++-------
Melee: Unarmed           |   106 |   136 |    42 ||   284
       Tentacles         |    19 |    18 |     3 ||    40
       Constrict         |    30 |    20 |     1 ||    51
       Kick              |    13 |    10 |       ||    23
       Punch             |     4 |     1 |       ||     5
 Fire: Hunting sling     |    20 |       |       ||    20
Throw: Dart              |       |       |     4 ||     4
 Cast: Beastly Appendage |    29 |    15 |       ||    44
       Spider Form       |       |    13 |     7 ||    20
  Use: Scroll            |     2 |     3 |       ||     5
 Stab: Sleeping          |     9 |    11 |       ||    20
       Distracted        |       |     1 |       ||     1
Armor: Skin              |     7 |     5 |     3 ||    15
Dodge: Dodged            |    57 |    81 |    49 ||   187

Table legend: (Time is in decaauts)
 A = Elapsed time spent in this place.
 B = Non-inter-level travel time spent in this place.
 C = Inter-level travel time spent in this place.
 D = Time resting spent in this place.
 E = Time spent auto-exploring this place.
 F = Levels seen in this place.
 G = Mean time per level.
                   A        B        C        D        E       F      G
               +--------+--------+--------+--------+--------+-----+--------+
         Total |   8704 |   8234 |    470 |   2035 |   4328 |   5 | 1740.8 |
       Dungeon |   8704 |   8234 |    470 |   2035 |   4328 |   5 | 1740.8 |
               +--------+--------+--------+--------+--------+-----+--------+

Top non-repeatable levels by time:
     D:2: 2326 daAuts
     D:3: 2101 daAuts
     D:1: 1881 daAuts
     D:4: 1631 daAuts
     D:5: 763 daAuts
